 Dungeon Crawl Stone Soup version 0.31-a0-198-g2ad674f65e (webtiles) character file.

Game seed: 11119653003723815099

23 qw the Shooter (level 2, -1/16 HPs)
             Began as a Deep Elf Hunter on June 25, 2023.
             Succumbed to their own poison gas
             ... on level 1 of the Dungeon.
             The game lasted 00:00:15 (933 turns).

qw the Shooter (Deep Elf Hunter)                     Turns: 933, Time: 00:00:16

Health: -1/16      AC:  7    Str:  8    XL:     2   Next: 75%
Magic:  4/4        EV:  8    Int: 13    God:
Gold:   22         SH:  0    Dex: 18    Spells: 1/1 levels left

rFire   . . .        Y - +0 shortbow
rCold   . . .        (shield currently unavailable)
rNeg    . . .        n - +0 scale mail
rPois   .            (no helmet)
rElec   .            (no cloak)
rCorr   .            i - +0 pair of gloves
SInv    .            (no boots)
Will    .....        (no amulet)
Stlth   +            (no ring)
HPRegen 0.22/turn    (no ring)
MPRegen 0.09/turn

%: no passive effects
@: lethally poisoned (-1 -> -13)
A: no striking features
a: no special abilities


You were on level 1 of the Dungeon.
You visited 1 branch of the dungeon, and saw 1 of its levels.

You collected 22 gold pieces.


   Skills:
 - Level 1.5 Fighting
 + Level 6.5 Ranged Weapons
 - Level 2.4 Dodging
 - Level 1.2 Stealth


You had one spell level left.
You didn't know any spells.
Your spell library was empty.

Inventory:

Hand Weapons
 Y - a +0 shortbow (weapon)
Armour
 i - a +0 pair of gloves (worn)
 n - a +0 scale mail (worn)
Scrolls
 h - a scroll of identify
Potions
 e - a potion of invisibility {unknown}
 j - a potion of might {unknown}
 l - a potion of ambrosia {unknown}

Dungeon Overview and Level Annotations

Branches:
Dungeon (1/15)

Altars:


Message History

928 ||| READING scroll labelled ZITIAT RYAN.
The air fills with toxic fumes!
As you read the scroll labelled ZITIAT RYAN, it crumbles to dust.
It was a scroll of poison.
Done exploring.
929 ||| READING scroll labelled GAPIMAGY CYUX.
As you read the scroll labelled GAPIMAGY CYUX, it crumbles to dust.
You feel momentarily disoriented.
It was a scroll of revelation.
Enter note:
Enter note:
Enter note:
Enter note: Done exploring.
930 ||| DROPPING scroll of butterflies.
You drop a scroll of butterflies.
Done exploring.
(D) Dungeon
Where to? (* - list waypoints, ? - help)
What level of the Dungeon? (default 1, ? - help) Sorry, I don't know how to get there.
Enter note:
Enter note:
Enter note:
Enter note:
Enter note:
Enter note:
Enter note:
Enter note:
Enter note:
Enter note:
Enter note:
Enter note: Really walk into that cloud of poison gas?
You are engulfed in poison gas.
You are lethally poisoned!
You feel very sick.
932 ||| Stepping ~*~*~tactically~*~*~ (cloud).
You feel very sick.
You see here a scroll of butterflies.
There is a lethal amount of poison in your body!
You die...

########## ####### #.#.#.......
.........#############.#.#.......
###..###.###########.....##......
.###.# #.###########.#...........
.# #.# #............)....########
'###+###'###########.###.#
..#...#)..####.¤¤..#...#.#
..#~.~#..~####)#¤#¤###¤#.#
..#~.~#.~~####.#@¤¤0¤¤¤#.#
..#~.~#¤¤¤####.#¤#¤#####.#
..#~.~#~¤¤####.#¤#.#####.#
..#~.~#~.¤####.#¤..#####.#
..#...#...####.#########.#
..........####.#########.#
..........####...........#
..........################
..........#


There were no monsters in sight!

Vanquished Creatures
  2 bats (D:1)
  3 endoplasms (D:1)
  2 goblins (D:1)
  4 hobgoblins (D:1)
  A jackal (D:1)
  2 kobolds (D:1)
  A quokka (D:1)
  2 ball pythons (D:1)
  2 frilled lizards (D:1)
  2 rats (D:1)
21 creatures vanquished.

Notes
Turn   | Place    | Note
-------+----------+-------------------------------------------
     0 | D:1      | qw the Deep Elf Hunter began the quest for the Orb.
     0 | D:1      | Reached XP level 1. HP: 12/12 MP: 3/3
     0 | D:1      | 0 ||| qw: Version: 0.3-a-22-g0ed2b0b
     0 | D:1      | 0 ||| qw: Game counter: 5120
     0 | D:1      | 0 ||| qw: Melee chars always use a shield: true
     0 | D:1      | 0 ||| qw: God list: Okawaru
     0 | D:1      | 0 ||| qw: Allow faded altars: false
     0 | D:1      | 0 ||| qw: Do Orc after clearing Dungeon:15 true
     0 | D:1      | 0 ||| qw: Do second Lair branch before Depths: true
     0 | D:1      | 0 ||| qw: Lair rune preference: random
     0 | D:1      | 0 ||| qw: Goals: Normal
     0 | D:1      | 0 ||| PLANNING D:1-11
   178 | D:1      | Reached XP level 2. HP: 16/16 MP: 4/4
   208 | D:1      | Reached skill level 6 in Ranged Weapons
   788 | D:1      | Found a faded altar of an unknown god.
   906 | D:1      | 906 ||| UPGRADING to +0 pair of gloves.
   911 | D:1      | 911 ||| UPGRADING to +0 scale mail.
   921 | D:1      | 921 ||| DROPPING +0 leather armour.
   922 | D:1      | 922 ||| READING scroll labelled VAENIC COANESIUD.
   925 | D:1      | 925 ||| READING scroll labelled LUQIADEJIOFF.
   926 | D:1      | 926 ||| READING scroll labelled JAIREH WOUROZU.
   927 | D:1      | 927 ||| READING 2 scrolls labelled APOPUE ECKEDGHU.
   928 | D:1      | 928 ||| READING scroll labelled ZITIAT RYAN.
   929 | D:1      | 929 ||| READING scroll labelled GAPIMAGY CYUX.
   930 | D:1      | 930 ||| DROPPING scroll of butterflies.
   932 | D:1      | 932 ||| Stepping ~*~*~tactically~*~*~ (cloud).
   932 | D:1      | HP: 2/16 [poisoned by you (poison gas)]
   933 | D:1      | Succumbed to their own poison gas

Levels and vault maps discovered:
D:1:      lightli_arrival_quake, layout_basic,
          hellmonk_ecumenical_altar_slurped_away, minmay_misc_feat_rows,
          minmay_tiny_reverse_x

Skill      XL: |  1  2 |
---------------+-------+-----
Ranged Weapons | 6 |  6.5
Fighting       | |  1.5
Dodging        | |  2.4
Stealth        | |  1.2

Action                     || total
---------------------------++-------
   Fire: Shortbow          ||    44
    Use: Scroll            ||     6
 Armour: Leather armour    ||     5
  Dodge: Dodged            ||     9

Table legend:
 A = Non-vault XP
 B = Vault XP
 C = Vault XP percentage of total XP
 D = Non-vault monster count
 E = Vault monster count
 F = Vault count percentage of total count
                 A         B        C        D         E       F
            +---------+---------+-------+---------+---------+-------
      Total |      28 |       6 |  17.6 |      18 |       3 |  14.3
            +---------+---------+-------+---------+---------+-------
        D:1 |      28 |       6 |  17.6 |      18 |       3 |  14.3
            +---------+---------+-------+---------+---------+-------
